Unix NetHack Version 5.0.0-0 post-release - last build Jul 19 2026 19:10:59 (3aa4ab31751d3886436d94b585a96704892fd477,branch:main).

Game began 2026-07-27 06:44:51, ended 2026-07-27 09:27:13.

LDaviesPeters, neutral female human Archeologist

                 ------+-                                ---------------
                 |*...<.|                 `##############..............|
                 |.......#                               |.............|
                 |......|#####                           ...............#
                 -----|--    #                           ----.----------#
                    ###      #                               #         ##
                    %        ####                            #         #
                    #           ###------------              #         #
                 ####             #|..........|             ##         #
              ####                #|..........| #      -----|-----     #
              ###                 #-..........-######  |.........|     #------
          -.----|---               |..........|     ###..........|     %|....|
          |.....%..|               |..........|        |........^.######+....|
          |........|               ------------        |.........|      |....|
          |....`...|                                   |.........|      |.**.|
          |.........######)########@                   |.....{..||      ------
          |........|                                   -----------
          ----------

LDaviesPeters the Field Worker  St:16 Dx:9 Co:13 In:15 Wi:15 Ch:10  Neutral
Dlvl:5  $:0  HP:0(32) Pw:26(26) AC:9  Xp:5 T:4169  Hungry   Blind

Latest messages:
 You find a hidden door.
 The door resists!
 The door opens.
 The orc zombie hits!
 You lash the orc zombie.
 You lash the orc zombie.
 You destroy the orc zombie!
 You see here an orc corpse.
 You swap places with your little dog.
 You lash the orc zombie!
 You destroy the orc zombie!
 You see here an orc corpse.
 There's some graffiti on the floor here.
 You read: "Thc ?a|e i? a lie".
 You are beginning to feel hungry.
 You swap places with your little dog.
 You swap places with your little dog.
 You lash the wood nymph.
 The wood nymph charms you.  You gladly hand over your shield.
 She stole a +0 wooden shield.
 The wood nymph vanishes!
 What do you want to put on? [pBI or ?*] B
 You are now wearing a blindfold.
 You can't see any more.
 Wait!  There's something there you can't see!
 It explodes!
 You seem unaffected by it.
 Wait!  There's something there you can't see!
 It explodes!
 You seem unaffected by it.
 It misses.
 You are hit.
 You are hit.
 You are hit.
 It hits!
 You kill it!
 You try to feel what is lying here on the ground.
 It bites!
 It bites!
 You lash it.
 It bites!
 You lash it.
 It bites!
 It bites!
 You die...
 Do you want your possessions identified? [ynq] (y) y
 Do you want to see your attributes? [ynq] (y) y
 Do you want an account of creatures vanquished? [ynaq] (y) n
 Do you want to see your conduct and achievements? [ynq] (y) y
 Do you want to see the dungeon overview? [ynq] (y) n

Inventory:
 Amulets  ('"')
  F - an uncursed amulet of reflection (being worn)
 Weapons  (')')
  J - 6 cursed -2 silver arrows
  q - 24 +0 darts
  e - a +0 dagger
  u - 2 +0 orcish daggers
  a - a burnt +2 bullwhip (weapon in right hand)
 Armor    ('[')
  c - an uncursed +0 fedora (being worn)
  m - an uncursed rotted +0 pair of elven boots (being worn)
  h - an uncursed +0 leather jacket (being worn)
 Comestibles  ('%')
  d - an uncursed food ration
  i - an uncursed fortune cookie
  t - an uncursed lembas wafer
  w - an uncursed orange
  o - an uncursed tripe ration
 Scrolls  ('?')
  x - an uncursed scroll of teleportation
 Rings    ('=')
  p - an uncursed +2 ring of increase accuracy
  I - an uncursed ring of invisibility
 Wands    ('/')
  s - a wand of cancellation (0:6)
  j - a wand of fire (0:4)
  K - a wand of undead turning (0:7)
 Tools    ('(')
  b - an uncursed bag of holding containing 17 items
  R - an empty uncursed bag of holding
  H - a drum of earthquake (0:4)
  M - an uncursed tooled horn
  B - an uncursed blindfold (being worn)
  O - a can of grease (0:10)
  Q - an uncursed figurine of a yeti
  k - an uncursed lock pick
  l - a blessed magic lamp
  v - an uncursed magic whistle
 Gems/Stones  ('*')
  g - an uncursed touchstone

Contents of the bag of holding:
  675 gold pieces
  an uncursed scroll of amnesia
  2 uncursed scrolls of enchant armor
  a blessed scroll of enchant weapon
  an uncursed scroll of fire
  an uncursed scroll of gold detection
  2 uncursed scrolls of identify
  an uncursed scroll of light
  an uncursed scroll of magic mapping
  an uncursed spellbook of healing
  an uncursed spellbook of light
  an uncursed potion of gain energy
  an uncursed potion of gain level
  an uncursed potion of monster detection
  an uncursed potion of sleeping
  a +0 pick-axe
  a tinning kit (0:54)

LDaviesPeters the Archeologist's attributes:

Background:
 You were a Field Worker, a level 5 female human Archeologist.
 You were neutral, nominally on a mission for Camaxtli
 who was opposed by Quetzalcoatl (lawful) and Huhetotl (chaotic).
 You were right-handed.
 You were in the Dungeons of Doom, on level 5.
 You entered the dungeon 4169 turns ago.
 You had 278 experience points, 42 more were needed to attain level 6.

Basics:
 You had 0 out of 32 hit points.
 You had all 26 energy points (spell power).
 Your armor class was 9.
 Your wallet was empty, but
 you had 675 zorkmids stashed away in your pack.
 Autopickup was off.

Final Characteristics:
 Your strength was 16 (limit:18/100).
 Your dexterity was 9 (limit:18).
 Your constitution was 13 (limit:18).
 Your intelligence was 15 (limit:18).
 Your wisdom was 15 (limit:18).
 Your charisma was 10 (limit:18).

Final Status:
 You were deliberately blind.
 You were hungry.
 You were unencumbered.
 You were wielding a whip.
 You were skilled in whip.

Final Attributes:
 You were piously aligned.
 You had automatic searching.
 You were stealthy.
 You had reflection.
 You were lucky.
 You are dead.

Miscellaneous:
 You didn't encounter any bones levels.
 Total elapsed playing time was 2 hours, 4 minutes and 19 seconds.

Major events:
 Turn
    1: LDaviesPeters the neutral female human Archeologist entered the dungeon
 1393: attained the rank of Field Worker (level 3)
 2008: entered the Gnomish Mines
 4169: killed by a giant bat

You didn't know any spells.

Skills:
 Fighting Skills
   bare handed combat [Unskilled]
   two weapon combat  [Unskilled]
   riding             [Unskilled]
 Weapon Skills
   dagger             [Unskilled]
   knife              [Unskilled]
   pick-axe           [Basic]
   short sword        [Unskilled]
   saber              [Unskilled]
   club               [Unskilled]
   quarterstaff       [Unskilled]
   sling              [Unskilled]
   dart               [Unskilled]
   boomerang          [Unskilled]
   whip               [Skilled]
   unicorn horn       [Unskilled]
 Spellcasting Skills
   attack spells      [Unskilled]
   healing spells     [Unskilled]
   divination spells  [Unskilled]
   matter spells      [Unskilled]

Voluntary challenges:
 Character rerolling was not enabled.
 You were an atheist.
 You never genocided any monsters.
 You never polymorphed an object.
 You never changed form.
 You used no wishes.
Achievements:
 You entered a shop.
 You attained the rank of Field Worker.
 You entered the Gnomish Mines.

 The Dungeons of Doom: levels 1 to 5
    Level 1:
       A fountain.
    Level 2:
       A general store.
    Level 3:
       A tool shop, a fountain.
       Stairs down to The Gnomish Mines.
    Level 4:
       A general store.
    Level 5: <- You were here.
       A general store, a sink, a grave.
       Final resting place for
          you, killed by a giant bat.
 The Gnomish Mines:
    Level 4:


Vanquished creatures:
  a fog cloud
  2 yellow lights
  a shrieker
 an elf zombie
  a little dog
  2 floating eyes
  2 homunculi
  2 hill orcs
  a centipede
  2 giant bats
  4 orc zombies
  2 dwarf zombies
  a werejackal
 an acid blob
  4 coyotes
  2 hobbits
  2 large kobolds
  a hobgoblin
  4 giant rats
  a brown mold
  2 yellow molds
  a red mold
  a gnome
  a garter snake
  4 geckos
  9 jackals
  a fox
  4 kobolds
  2 goblins
  a sewer rat
  a grid bug
  4 lichens
  5 newts
73 creatures vanquished.

No species were genocided or became extinct.

Game over:
                       ----------
                      /          \
                     /    REST    \
                    /      IN      \
                   /     PEACE      \
                  /                  \
                  |  LDaviesPeters   |
                  |      675 Au      |
                  |   killed by a    |
                  |    giant bat     |
                  |                  |
                  |                  |
                  |       2026       |
                 *|     *  *  *      | *
        _________)/\\_//(\/(/\)/\//\/|_)_______

Goodbye LDaviesPeters the Archeologist...

You died in The Dungeons of Doom on dungeon level 5 with 1930 points,
and 675 pieces of gold, after 4169 moves.
You were level 5 with a maximum of 32 hit points when you died.

